 Dungeon Crawl Stone Soup version 0.20.0-15-g7f486f2 (webtiles) character file.

132162 Gargoyl the Severer (level 16, -11/129 HPs)
             Began as a Minotaur Abyssal Knight on July 1, 2017.
             Was the Champion of Lugonu.
             Mangled by an alligator (28 damage)
             ... called by a spriggan druid
             ... on level 2 of the Swamp.
             The game lasted 01:18:48 (27859 turns).

Gargoyl the Severer (Minotaur Abyssal Knight)      Turns: 27859, Time: 01:18:49

Health: -11/129    AC: 28    Str: 22    XL:     16   Next: 56%
Magic:  34/34      EV:  8    Int:  4    God:    Lugonu [******]
Gold:   1409       SH: 26    Dex: 12    Spells: 15/15 levels left

rFire    . . .     SeeInvis .   V - +1 broad axe
rCold    + . .     Gourm    .   F - +2 large shield
rNeg     . . .     Faith    .   X - +6 plate armour {MR+}
rPois    +         Spirit   .   L - +2 hat
rElec    +         Reflect  .   (no cloak)
rCorr    .         Harm     .   (no gloves)
MR       ++...                  I - +2 pair of boots "Lidwunu" {+Inv rElec MP+9 Int-5}
Stlth    ..........             p - amulet of regeneration
Regen    0.8/turn               D - ring of protection from cold
MPRegen  0.3/turn               r - +4 ring of slaying

@: no status effects
A: retaliatory headbutt, hooves 1, horns 2, large bone plates 1, frail 1, poison
resistance
a: Depart the Abyss, Bend Space, Banish, Corrupt, Enter the Abyss, Brand Weapon
With Distortion, Renounce Religion, Evoke Invisibility


You were on level 2 of the Swamp.
You worshipped Lugonu.
Lugonu was exalted by your worship.
You were not hungry.

You visited 4 branches of the dungeon, and saw 26 of its levels.
You visited the Abyss 1 time.

You collected 2617 gold pieces.
You spent 1208 gold pieces at shops.

Inventory:

Hand Weapons
 w - a +0 war axe of freezing
 V - a +1 broad axe (weapon)
Missiles
 W - 5 javelins (quivered)
Armour
 F - a +2 large shield (worn)
 I - the +2 pair of boots "Lidwunu" (worn) {+Inv rElec MP+9 Int-5}
   (You found it on level 7 of the Dungeon)

   It affects your intelligence (-5).
   It insulates you from electricity.
   It affects your magic capacity (+9).
   It lets you turn invisible.
 L - a +2 hat (worn)
 X - a +6 plate armour of magic resistance (worn)
Jewellery
 d - an uncursed ring of see invisible
 o - an uncursed ring of flight
 p - an amulet of regeneration (around neck)
 r - a +4 ring of slaying (right hand)
 y - an uncursed ring of resist corrosion
 D - a ring of protection from cold (left hand)
 J - an uncursed ring of protection from cold
Wands
 b - a wand of digging (13/24)
 A - a wand of iceblast (9/15)
 H - a wand of disintegration (0/24)
Scrolls
 a - a scroll of fog
 h - 4 scrolls of teleportation
 n - 5 scrolls of fear
 q - a scroll of magic mapping
 t - 4 scrolls of identify
 u - 7 scrolls of remove curse
 x - 6 scrolls of recharging
 G - a scroll of blinking
 K - a scroll of torment
Potions
 e - 3 potions of resistance
 g - 8 potions of curing
 j - 4 potions of flight
 k - 2 potions of heal wounds
 l - 4 potions of agility
 m - 6 potions of mutation
 v - 5 potions of lignification
 z - 4 potions of might
 B - a potion of brilliance
 C - 3 potions of haste
 E - a potion of invisibility
 M - a potion of ambrosia
 S - 3 potions of magic
 Y - a potion of berserk rage
Books
 s - a book of Callings

   Spells                             Type                      Level
   a - Summon Small Mammal            Summoning                    1
   b - Call Imp                       Summoning                    2
   c - Call Canine Familiar           Summoning                    3
   d - Summon Guardian Golem          Hexes/Summoning              3
   e - Summon Lightning Spire         Summoning/Air                4
   f - Summon Ice Beast               Ice/Summoning                4
Comestibles
 c - 12 bread rations
 f - 13 fruits
 i - 7 meat rations
 N - 4 chunks of flesh
 P - 15 royal jellies


   Skills:
 + Level 13.5 Fighting
 + Level 17.7 Axes
 + Level 2.0 Throwing
 * Level 15.6 Armour
 + Level 5.0 Dodging
 + Level 15.2 Shields
 * Level 13.4 Invocations
 + Level 0.6 Evocations


You had 15 spell levels left.
You didn't know any spells.

Dungeon Overview and Level Annotations

Branches:
Dungeon (15/15)            Temple (0/1) D:4            Lair (6/6) D:11
  Swamp (3/4) Lair:3       Spider (0/4) Lair:4        Slime (0/5) Lair:5
    Orc (2/2) D:11            Elf (0/3) Orc:2        Vaults (0/5) D:13
 Depths (0/5) D:15

Altars:
Dithmenos
Makhleb
Okawaru
Sif Muna
Beogh
Jiyva

Shops:
D:5 [([}(   D:6 (   D:7 *   Orc:2 ==[?


Innate Abilities, Weirdness & Mutations

You reflexively headbutt those who attack you in melee.
You have a pair of horns on your head.
You have large cloven feet.
You are partially covered in large bone plates. (SH +4)
You are frail. (-10% HP)
Your system is resistant to poisons. (rPois)


Message History

The spriggan druid closely misses you. You furiously retaliate!
You headbutt the spriggan druid!
With its final breath, the spriggan druid offers up its power to the beasts of the wild!
The alligator is healed.
The swamp worm is healed.
The alligator is healed.
The alligator seems to grow more fierce.
The swamp worm seems to grow more fierce.
The alligator seems to grow more fierce.
You kill the spriggan druid!
Lugonu accepts your kill.
The forest abruptly stops moving.
The swamp worm bites you!!
* * * LOW HITPOINT WARNING * * *
The alligator bites you but does no damage.
The alligator closely misses you.
You barely miss the alligator.
The alligator is moderately wounded.
You hit the alligator. You slash the swamp worm!
You block the alligator's attack. x2; The swamp worm bites you!!
* * * LOW HITPOINT WARNING * * *
The alligator bites you!!
You die...

♣♣.≈≈≈....≈≈≈≈≈≈≈.≈...≈≈.
♣♣♣♣♣♣≈..≈≈≈≈≈≈≈........
♣♣♣≈.≈≈...≈..≈≈≈♣♣♣.≈
♣♣♣♣♣≈≈§§≈.≈....≈≈.♣♣ ♣..
♣♣..♣.≈≈§♣♣♣...≈≈...♣ ♣♣.
♣♣♣♣.....≈≈≈♣♣≈......≈)♣ ♣.
♣♣..♣♣♣♣.....♣♣♣♣♣≈....♣♣ ♣.
♣≈..≈.♣♣♣.≈≈.t♣♣...≈≈♣≈♣♣♣ ♣♣
♣♣≈≈≈≈.♣≈.≈≈≈@w.≈≈≈≈.♣...♣♣♣♣.
♣.≈≈≈≈...≈≈≈≈t)≈§..≈♣.≈≈..≈...
♣♣♣...♣≈.≈≈≈..≈≈...§.≈≈≈≈≈§.≈≈
♣♣♣♣♣♣♣♣..≈.≈≈...≈≈.≈≈≈≈≈≈≈≈
♣♣♣♣♣♣♣♣♣♣...≈≈≈≈..♣≈..≈≈≈≈≈.≈
♣.§≈≈.≈♣.....≈≈≈..♣♣...≈≈≈)...
♣♣≈≈≈§.......≈≈≈.≈♣♣.)..≈≈≈...
♣♣...≈≈≈≈...≈≈≈...♣≈≈≈≈≈≈≈≈≈.
♣♣...≈≈≈≈.≈≈≈≈......≈≈≈.≈≈≈≈


You could see 2 alligators and a swamp worm.

Vanquished Creatures
  Rupert (Lair:5)
  Gastronok (D:9)
  Agnes (D:14)
  Kirke (Swamp:1)
  Donald (Swamp:1)
  Josephine (Lair:4)
  The ghost of tschems the Cleaver, a journeyman HuFi of Okawaru (D:10)
  A yaktaur captain (D:13)
  Fannar (D:12)
  7 centaur warriors
  4 alligators (Swamp:2)
  Erica (Lair:1)
  8 two-headed ogres
  9 death yaks
  An orc high priest (Orc:1)
  The ghost of Gargoyl the Cleaver, a novice MiAK of Lugonu (D:7)
  11 skeletal warriors
  2 unseen horrors
  A spriggan druid (Swamp:2)
  A flayed ghost (D:15)
  2 swamp dragons
  A deep troll (shapeshifter) (D:15)
  7 orc knights
  A necromancer (D:15)
  A deep elf mage (D:14)
  A tengu zombie (D:15)
  Pikel (D:7)
  3 wolf spiders
  A stone giant zombie (D:15)
  2 orc sorcerers
  3 cyclopes
  19 ugly things
  2 centaur zombies
  8 black mambas
  9 elephants (Lair:6)
  Joseph (D:7)
  A guardian serpent (Lair:6)
  A gargoyle (D:15)
  25 spiny frogs
  3 rime drakes (Lair:6)
  2 yaktaurs (D:13)
  13 komodo dragons
  An efreet (D:13)
  A freezing wraith (D:14)
  A redback zombie (D:13)
  A guardian mummy (D:15)
  A merfolk (D:10)
  4 hornets
  A meliai zombie (D:13)
  A queen bee (Lair:3)
  3 tyrant leeches
  24 slime creatures
  4 trolls
  A harpy skeleton (D:15)
  5 bog bodies
  9 blink frogs
  16 hippogriffs
  4 dream sheep (Lair:5)
  2 ice dragon zombies (D:15)
  19 wyverns
  2 redbacks (Lair:6)
  6 wraiths
  8 basilisks
  3 hogs (Swamp:1)
  48 yaks
  3 hungry ghosts
  Eustachio (D:5)
  3 steam dragons (Lair:6)
  14 vampire mosquitoes
  3 wargs (Orc:1)
  4 swamp worms
  An acid dragon (Lair:6)
  14 water moccasins
  5 porcupines
  Duvessa (D:4)
  40 orc warriors
  2 swamp drakes (Swamp:1)
  5 ice beasts
  2 necrophages
  2 slaves (D:7)
  4 black bears
  8 ogres
  8 boggarts
  7 sky beasts
  8 wolves
  20 centaurs
  27 crocodiles
  3 big kobolds
  26 bullfrogs
  Dowan (D:4)
  3 wyvern zombies
  7 scorpions
  23 killer bees (Lair:3)
  8 wights
  11 crimson imps
  4 quasits
  11 orc priests
  4 bullfrog skeletons
  7 hounds
  A jelly (D:13)
  22 orc wizards
  8 centaur skeletons
  14 iguanas
  6 worker ants
  Natasha (thrice) (D:3)
  5 hell rats (Lair:1)
  A killer bee zombie (D:9)
  A hound skeleton (D:6)
  Robin (D:2)
  A howler monkey skeleton (D:11)
  13 adders
  9 river rats (Lair:1)
  2 shadow imps
  2 oozes (D:1)
  3 worms
  4 dart slugs
  11 leopard geckos
  105 orcs
  3 ball pythons
  7 giant cockroaches
  11 goblins
  13 hobgoblins
  9 jackals
  8 quokkas
  11 bats
  11 frilled lizards
  2 jackal skeletons (D:4)
  23 kobolds
  19 rats
  2 bushes (Lair:1)
  5 fungi
  13 plants
966 creatures vanquished.

Vanquished Creatures (others)
  The ghost of Chifra the Fighter, an adept DrTm of Vehumet (D:12)
  The ghost of Kloppie the Fencer, a journeyman MiGl of Okawaru (Lair:6)
  A fire dragon (Lair:6)
  5 hydras
  An orb spider (Lair:4)
  2 oklob plants (Lair:4)
  A cyclops (D:10)
  A basilisk (Lair:4)
  A slave (D:7)
  An orc warrior (Orc:1)
  A boggart (D:13)
  An orc (D:10)
  15 fungi
  40 plants
72 creatures vanquished.

Grand Total: 1038 creatures vanquished

Notes
Turn   | Place    | Note
-------+----------+-------------------------------------------
     0 | Abyss:1  | Gargoyl the Minotaur Abyssal Knight began the quest for the Orb.
     0 | Abyss:1  | Reached XP level 1. HP: 19/19 MP: 1/1
    22 | Abyss:2  | Noticed a starcursed mass
    44 | Abyss:2  | Noticed a small abomination
    49 | D:1      | Escaped the Abyss
   270 | D:1      | Noticed a minotaur
   272 | D:1      | Noticed a vine stalker
   272 | D:1      | Noticed a vampire
   274 | D:1      | Noticed an octopode
   276 | D:1      | Noticed a demonspawn
   276 | D:1      | Noticed a halfling
   278 | D:1      | Noticed a gargoyle
   278 | D:1      | Noticed a tengu
   280 | D:1      | Noticed a ghoul
   282 | D:1      | Noticed a formicid
   282 | D:1      | Noticed a human
   284 | D:1      | Noticed a felid
   284 | D:1      | Noticed a merfolk
   286 | D:1      | Noticed a spriggan
   286 | D:1      | Noticed an ogre
   288 | D:1      | Noticed a troll
   290 | D:1      | Noticed a centaur
   290 | D:1      | Noticed an elf
   292 | D:1      | Noticed a dwarf
   292 | D:1      | Noticed a draconian
   294 | D:1      | Noticed a demigod
   294 | D:1      | Noticed a naga
   450 | D:1      | Reached XP level 2. HP: 25/27 MP: 2/2
   453 | D:1      | Reached * piety under Lugonu
   809 | D:1      | Reached XP level 3. HP: 31/33 MP: 3/3
  1080 | D:2      | Found a shadowy altar of Dithmenos.
  1445 | D:2      | Noticed Robin
  1449 | D:2      | Reached ** piety under Lugonu
  1450 | D:2      | Reached skill level 3 in Axes
  1459 | D:2      | Reached XP level 4. HP: 29/41 MP: 4/4
  1463 | D:2      | Killed Robin
  1618 | D:2      | Found a deep blue altar of Sif Muna.
  1917 | D:3      | Reached skill level 4 in Axes
  1917 | D:3      | Reached XP level 5. HP: 33/47 MP: 6/6
  2139 | D:3      | Noticed Natasha
  2148 | D:3      | Killed Natasha
  2329 | D:3      | Reached skill level 5 in Fighting
  2626 | D:3      | Noticed Natasha
  2634 | D:3      | Killed Natasha
  2634 | D:3      | Reached *** piety under Lugonu
  2634 | D:3      | Reached XP level 6. HP: 49/56 MP: 7/7
  2660 | D:3      | Noticed Natasha
  2668 | D:3      | Killed Natasha
  2986 | D:4      | Reached skill level 5 in Axes
  3111 | D:4      | Noticed Duvessa
  3111 | D:4      | Noticed Dowan
  3129 | D:4      | Killed Duvessa
  3129 | D:4      | Reached XP level 7. HP: 52/61 MP: 8/8
  3142 | D:4      | Killed Dowan
  3142 | D:4      | Reached skill level 5 in Armour
  3279 | D:4      | Found a staircase to the Ecumenical Temple.
  3717 | D:5      | Entered Level 5 of the Dungeon
  3760 | D:5      | Reached skill level 6 in Axes
  3774 | D:5      | Gained mutation: Your system is resistant to poisons. (rPois) [mutagenic meat]
  3775 | D:5      | Gained mutation: You are frail. (-10% HP) [mutagenic meat]
  3776 | D:5      | Gained mutation: You evolve. [mutagenic meat]
  3777 | D:5      | Gained mutation: You are partially covered in large bone plates. (SH +4) [mutagenic meat]
  4112 | D:5      | Found Goidood's Gadget Boutique.
  4123 | D:5      | Reached XP level 8. HP: 63/63 MP: 10/10
  4240 | D:5      | Found Fusautost's Weapon Boutique.
  4363 | D:5      | Found Kumyqer's Antique Weapon Shoppe.
  4390 | D:5      | Found Xiumn's Antique Armour Shoppe.
  4404 | D:5      | Found Mirurgh's Armour Emporium.
  4425 | D:5      | Bought a +1 chain mail of magic resistance for 198 gold pieces
  4442 | D:5      | Noticed Eustachio
  4445 | D:5      | Reached **** piety under Lugonu
  4472 | D:5      | Reached skill level 7 in Axes
  4474 | D:5      | Killed Eustachio
  4474 | D:5      | Reached skill level 1 in Shields
  4692 | D:6      | Found a burning altar of Makhleb.
  4783 | D:6      | Noticed Pikel
  4972 | D:6      | Found Ryskeax's Antique Weapon Shop.
  5026 | D:6      | Reached skill level 8 in Axes
  5246 | D:7      | Reached skill level 5 in Invocations
  5315 | D:7      | Killed Pikel
  5315 | D:7      | Reached XP level 9. HP: 61/70 MP: 11/11
  5704 | D:7      | Found Zeydenyj's Assorted Antiques.
  5721 | D:7      | Noticed Joseph
  5739 | D:7      | Killed Joseph
  5739 | D:7      | Reached skill level 9 in Axes
  5739 | D:7      | Reached skill level 5 in Shields
  5901 | D:7      | Got a pair of faintly humming boots
  5912 | D:7      | Identified the +2 pair of boots "Lidwunu" {+Inv rElec MP+9 Int-5} (You found it on level 7 of the Dungeon)
  6125 | D:7      | Noticed Gargoyl's ghost (novice MiAK)
  6144 | D:7      | Killed Gargoyl's ghost
  6144 | D:7      | Reached skill level 10 in Axes
  6144 | D:7      | Reached XP level 10. HP: 54/77 MP: 13/13
  6729 | D:8      | Reached skill level 1 in Throwing
  6989 | D:9      | Reached ***** piety under Lugonu
  7018 | D:9      | Noticed a two-headed ogre
  7026 | D:9      | Killed a two-headed ogre
  7137 | D:9      | Found an iron altar of Okawaru.
  7347 | D:9      | Noticed Gastronok
  7364 | D:9      | Killed Gastronok
  7364 | D:9      | Reached skill level 11 in Axes
  7364 | D:9      | Reached skill level 10 in Armour
  7428 | D:9      | Noticed a two-headed ogre
  7442 | D:9      | Killed a two-headed ogre
  7442 | D:9      | Reached XP level 11. HP: 36/84 MP: 15/15
  7723 | D:10     | Entered Level 10 of the Dungeon
  7724 | D:10     | Gained mutation: You have large cloven feet. [evolution]
  7724 | D:10     | Lost mutation: You evolve. [end of evolution]
  7746 | D:10     | Noticed tschems's ghost (journeyman HuFi)
  7816 | D:10     | Killed tschems's ghost
  7964 | D:10     | Noticed a two-headed ogre
  7971 | D:10     | Killed a two-headed ogre
  8014 | D:10     | Reached skill level 12 in Axes
  8387 | D:10     | Noticed a two-headed ogre
  8395 | D:10     | Killed a two-headed ogre
  8594 | D:11     | Found a staircase to the Orcish Mines.
  8653 | D:11     | Noticed a red ugly thing
  8662 | D:11     | Killed a red ugly thing
  9044 | D:11     | Found a staircase to the Lair.
  9082 | D:11     | Noticed a red ugly thing
  9100 | D:11     | Killed a red ugly thing
  9112 | D:11     | Reached XP level 12. HP: 71/93 MP: 17/17
  9751 | Lair:1   | Entered Level 1 of the Lair of Beasts
  9791 | D:11     | Reached skill level 13 in Axes
  9929 | Lair:1   | Reached ****** piety under Lugonu
 10022 | Lair:1   | Noticed a six-headed hydra
 10026 | Lair:1   | Banished a six-headed hydra
 10093 | Lair:1   | Noticed Erica
 10112 | Lair:1   | Killed Erica
 10269 | Lair:1   | Reached skill level 10 in Shields
 11157 | Lair:2   | Reached skill level 10 in Fighting
 11683 | Lair:2   | Reached XP level 13. HP: 101/101 MP: 19/19
 12050 | Lair:3   | Reached skill level 14 in Axes
 12168 | Lair:3   | Reached skill level 10 in Invocations
 12642 | Lair:3   | Found a staircase to the Swamp.
 13243 | Lair:4   | Noticed Josephine
 13701 | Lair:4   | Found a hole to the Spider Nest.
 14281 | Lair:4   | Killed Josephine
 14700 | Lair:5   | Identified the Papyrus of the Lonely Shrikes
 14741 | Lair:5   | Noticed Rupert
 14816 | Lair:5   | Killed Rupert
 15402 | Lair:5   | Found a viscous altar of Jiyva.
 15402 | Lair:5   | Found a staircase to the Slime Pits.
 15655 | Lair:6   | Entered Level 6 of the Lair of Beasts
 15672 | Lair:6   | Reached XP level 14. HP: 79/109 MP: 21/21
 15758 | Lair:6   | Reached skill level 15 in Axes
 17358 | Lair:6   | Noticed Kloppie's ghost (journeyman MiGl)
 17385 | Lair:6   | Banished Kloppie's ghost
 18233 | Orc:1    | Entered Level 1 of the Orcish Mines
 19267 | Orc:2    | Entered Level 2 of the Orcish Mines
 19602 | Orc:1    | Reached skill level 16 in Axes
 19931 | Orc:2    | Reached XP level 15. HP: 100/118 MP: 23/23
 20235 | Orc:2    | Found a staircase to the Elven Halls.
 20329 | Orc:2    | Found Ixti's Armour Boutique.
 20329 | Orc:2    | Found Dididd's Jewellery Shoppe.
 20331 | Orc:2    | Found Ysouco's Jewellery Emporium.
 20333 | Orc:2    | Found Utokhluq's Magic Scroll Shop.
 20411 | Orc:2    | Bought a +2 plate armour of magic resistance for 440 gold pieces
 20430 | Orc:2    | Bought a scroll of enchant armour for 105 gold pieces
 20430 | Orc:2    | Bought a scroll of enchant armour for 105 gold pieces
 20430 | Orc:2    | Bought a scroll of enchant armour for 105 gold pieces
 20640 | Orc:2    | Bought an uncursed ring of see invisible for 255 gold pieces
 21123 | D:12     | Noticed Fannar
 21173 | D:12     | Killed Fannar
 21352 | D:12     | Noticed Chifra's ghost (adept DrTm)
 21589 | D:12     | Banished Chifra's ghost
 22487 | D:13     | Found a gate to the Vaults.
 24510 | D:14     | Reached skill level 15 in Armour
 24576 | D:15     | Entered Level 15 of the Dungeon
 24607 | D:15     | Reached skill level 17 in Axes
 24609 | D:15     | Found a staircase to the Depths.
 24619 | D:15     | Noticed Agnes
 24759 | D:14     | Killed Agnes
 24833 | D:14     | Reached XP level 16. HP: 46/126 MP: 24/24
 25380 | D:15     | Reached skill level 5 in Dodging
 25478 | D:15     | Found a roughly hewn altar of Beogh.
 25931 | D:15     | Reached skill level 15 in Shields
 26266 | Swamp:1  | Entered Level 1 of the Swamp
 26535 | Swamp:1  | Noticed Kirke
 26578 | Swamp:1  | Killed Kirke
 26681 | Swamp:1  | Noticed Donald
 26712 | Swamp:1  | Killed Donald
 27801 | Swamp:3  | Noticed a thorn hunter
 27859 | Swamp:2  | Mangled by an alligator

Skill      XL: |  1  2  3  4  5  6  7  8  9 10 11 12 13 14 15 16 |
---------------+-------------------------------------------------+-----
Invocations    | 2 3 4 5 6 7 8 9 11 12 13 | 13.4
Fighting       | 4 5 6 7 8 9 10 11 12 13 | 13.5
Armour         | 3 4 6 7 8 10 11 12 13 14 15 | 15.6
Axes           | 3 4 5 6 8 10 11 12 13 14 16 17 | 17.7
Dodging        | 2 3 4 5 |  5.0
Shields        | 4 5 7 9 10 12 13 14 15 | 15.2
Throwing       | 1 2 |  2.0
Evocations     | |  0.6

Action                   |  1- 3 |  4- 6 |  7- 9 | 10-12 | 13-15 | 16-18 || total
-------------------------+-------+-------+-------+-------+-------+-------++-------
Melee: Hand axe          |   102 |   128 |       |       |       |       ||   230
       Headbutt          |    10 |    22 |    67 |   211 |   435 |   104 ||   849
       War axe           |       |    25 |   336 |   931 |  1083 |       ||  2375
       Broad axe         |       |       |       |       |   914 |   388 ||  1302
Throw: Tomahawk          |       |       |     8 |    10 |     1 |       ||    19
       Javelin           |       |       |       |       |    13 |       ||    13
Invok: Depart the Abyss  |     1 |       |       |       |       |       ||     1
       Banish            |       |       |       |     3 |    17 |     6 ||    26
Evoke: Wand              |       |       |       |     3 |     2 |       ||     5
  Use: Scroll            |     2 |     8 |     6 |    12 |    16 |     8 ||    52
       Potion            |       |       |     2 |     3 |     7 |     1 ||    13
 Stab: Invisible         |       |       |       |       |     4 |       ||     4
       Confused          |       |       |       |       |     1 |       ||     1
  Eat: Chunk             |     2 |    17 |     7 |    21 |    28 |     8 ||    83
       Royal jelly       |       |       |     1 |     1 |     2 |     1 ||     5
       Bread ration      |       |       |       |       |     1 |       ||     1
       Fruit             |       |       |       |       |    12 |       ||    12
       Meat ration       |       |       |       |       |     1 |       ||     1
Armor: Chain mail        |    95 |    92 |   144 |   283 |   353 |       ||   967
       Plate armour      |       |       |       |       |   272 |   103 ||   375
Dodge: Dodged            |    61 |    50 |    67 |    95 |   288 |    48 ||   609
Block: Other             |       |       |     4 |       |       |       ||     4
       Large shield      |       |       |   253 |   810 |  2464 |   426 ||  3953
